 Dungeon Crawl Stone Soup version 0.16-a0-715-g16937c4 (webtiles) character file.

2996 PolkaDot the Transmogrifier (level 9, -1/90 HPs)
             Began as a Pale Draconian Transmuter on Sept 21, 2014.
             Was an Initiate of Ashenzari.
             Slain by a killer bee (3 damage)
             ... on Level 8 of the Dungeon.
             The game lasted 00:35:22 (9662 turns).

PolkaDot the Transmogrifier (DrTm)                  Turns: 9662, Time: 00:35:22

HP  -1/90        AC  6     Str 14      XL: 9   Next: 54%
MP  13/14        EV 10     Int 16      God: Ashenzari [......]
Gold 488         SH  0     Dex 11      Spells:  3 memorised,  4 levels left

rFire  x . .     SeeInvis .       - Unarmed
rCold  + + +     Clarity  +     (armour unavailable)
rNeg   + . .     rCorr    .     (shield currently unavailable)
rPois  +         rRot     .     (helmet currently unavailable)
rElec  .         Spirit   .     o - melded +1 cloak {rPois} (curse)
SustAb .         Warding  .     (gloves currently unavailable)
rMut   .         Stasis   .     (boots currently unavailable)
Gourm  .                        s - cursed amulet of clarity
MR     .....                    w - cursed ring of positive energy
                                y - cursed ring of stealth

@: about to teleport, ice-form, not resistant to hostile enchantments,
unstealthy
A: (breathe steam), unfitting armour, (cold-blooded), AC +7
a: End Transformation, Renounce Religion


You were on level 8 of the Dungeon.
You worshipped Ashenzari.
Ashenzari was noncommittal.
You were not hungry.
You were a creature of crystalline ice.
You visited 2 branches of the dungeon, and saw 9 of its levels.

You collected 488 gold pieces.

Inventory:

Missiles
 b - 147 arrows
 p - a throwing net (quivered)
 v - 2 arrows of flame
Armour
 o - a cursed +1 cloak of poison resistance (melded)
Magical devices
 j - a wand of teleportation (0)
 k - a wand of magic darts (0)
 B - a wand of digging (11)
Comestibles
 a - 5 bread rations
 c - a beef jerky
 h - 2 royal jellies
 x - 3 fruits
 z - 2 meat rations
 F - 3 chunks of wyvern flesh
 J - 3 rotting chunks of orc flesh
 L - 4 rotting chunks of orc flesh
Scrolls
 f - a scroll of curse jewellery
 g - 3 scrolls of amnesia
 i - a scroll of immolation
 l - a scroll of magic mapping
 q - 4 scrolls of curse armour
 r - a scroll of random uselessness {unknown}
 u - 2 scrolls of enchant armour {unknown}
 C - 3 scrolls of curse weapon {=g}
 E - a scroll of fear {unknown}
 I - a scroll of recharging {unknown}
 M - a scroll of identify
 N - a scroll of torment {unknown}
Jewellery
 s - a cursed amulet of clarity (around neck)
 w - a cursed ring of positive energy (right paw)
 y - a cursed ring of stealth (left paw)
Potions
 e - 3 potions of restore abilities
 m - a potion of cancellation
 n - a potion of magic {unknown}
 t - a potion of brilliance
 D - 2 potions of might
 H - a potion of resistance {unknown}
Books
 d - a book of Changes

   Spells                             Type                      Level
   *Beastly Appendage                 Transmutation                1
   Sticks to Snakes                   Transmutation                2
   *Spider Form                       Transmutation/Poison         3
   *Ice Form                          Ice/Transmutation            4
   Blade Hands                        Transmutation                5


   Skills:
 + Level 6.2 Fighting
 - Level 1.7 Dodging
 + Level 6.3 Unarmed Combat
 - Level 2.0 Spellcasting
 * Level 8.4 Transmutations
 - Level 6.2 Ice Magic
 - Level 2.3 Poison Magic


You had 4 spell levels left.
You knew the following spells:

 Your Spells              Type           Power        Failure   Level  Hunger
a - Beastly Appendage     Trmt           ####..       1%          1    #......
x - Ice Form              Ice/Trmt       ####....     12%         4    #####..
z - Spider Form           Trmt/Pois      ###.......   10%         3    ####...


Dungeon Overview and Level Annotations

Branches:
Dungeon (8/15)             Temple (1/1) D:5
   Lair: D:8-11

Altars:
Ashenzari
Cheibriados
Elyvilon
Gozag
Kikubaaqudgha
Makhleb
Okawaru
Qazlal
Ru
Trog
Vehumet
Xom
Zin

Annotations:
D:8 Erolcha


Innate Abilities, Weirdness & Mutations

((You can breathe blasts of scalding steam.))
((Your pale cyan-grey scales are hard (AC +7).))
Your body does not fit into most forms of armour.
((Your cold-blooded metabolism reacts poorly to cold.))


Message History

Drink which item? (? for menu, Esc to quit)
You feel better.
The killer bee stings you but does no damage.
The killer bee stings you.
* * * LOW HITPOINT WARNING * * *
The killer bee barely misses you. The killer bee stings you.
* * * LOW HITPOINT WARNING * * *
You barely miss the killer bee.
The killer bee is severely wounded.
The killer bee barely misses you. x2
The killer bee stings you but does no damage.
The killer bee misses you.
You miss the killer bee.
The killer bee is severely wounded.
The killer bee stings you.
* * * LOW HITPOINT WARNING * * *
The killer bee stings you!
* * * LOW HITPOINT WARNING * * *
The killer bee stings you.
You die...

. . .... ###.... ....
###....... ...#
.......... ...
..........## ..####
...........# .....##
.....# #..##
##y......! ....##
#..####Yyy......
...##
#...##..#####... ...#
##........# ...#
##.........#
...#####...##..#...#
.....##..####..##...#
...............#
#...#
#####..#####...#
#...# # ##.# ##..#
#..


You could see 3 killer bees.

Vanquished Creatures
  Joseph (D:7)
  The ghost of Ratboiler the Sneak, an experienced VSAs of Ru (D:6)
  A wyvern (D:8)
  A phantom (D:4)
  3 ice beasts
  An orc warrior (D:6)
  2 sky beasts (D:6)
  3 ogres
  4 centaurs
  A big kobold (D:7)
  Duvessa (D:6)
  A scorpion (D:6)
  3 killer bees (D:8)
  A giant frog zombie (D:5)
  Dowan (D:6)
  2 crimson imps
  A hound (D:5)
  A gnoll shaman (D:7)
  3 orc wizards
  4 orc priests
  Crazy Yiuf (D:5)
  3 worker ants
  An iguana (D:7)
  4 gnolls (D:7)
  7 adders
  An orc skeleton (D:7)
  A giant mite (D:6)
  A shadow imp (D:5)
  2 oozes
  14 orcs
  17 bats
  A bat skeleton (D:5)
  A bat zombie (D:5)
  7 hobgoblins
  9 jackals
  2 quokkas
  A ball python (D:2)
  2 giant cockroaches
  6 giant geckos
  A giant gecko skeleton (D:5)
  9 giant newts
  14 goblins
  A goblin skeleton (D:4)
  24 kobolds
  10 rats
  A rat skeleton (D:4)
177 creatures vanquished.

Vanquished Creatures (others)
  4 butterflies (D:5)
4 creatures vanquished.

Grand Total: 181 creatures vanquished

Notes
Turn   | Place    | Note
--------------------------------------------------------------
     0 | D:1      | PolkaDot, the Draconian Transmuter, began the quest for the Orb.
     0 | D:1      | Reached XP level 1. HP: 16/16 MP: 3/3
   424 | D:1      | Reached XP level 2. HP: 23/23 MP: 4/4
   940 | D:1      | Reached XP level 3. HP: 27/29 MP: 6/6
  1128 | D:1      | Learned a level 3 spell: Spider Form
  1253 | D:2      | Reached skill level 1 in Poison Magic
  2142 | D:3      | Reached XP level 4. HP: 22/36 MP: 5/7
  2987 | D:4      | Noticed an ogre
  2995 | D:4      | Killed an ogre
  2995 | D:4      | Reached XP level 5. HP: 40/42 MP: 5/9
  3476 | D:4      | Noticed an ogre
  3482 | D:4      | Killed an ogre
  3482 | D:4      | Reached skill level 4 in Unarmed Combat
  3482 | D:4      | Reached XP level 6. HP: 49/51 MP: 6/10
  3566 | D:4      | Noticed a phantom
  3572 | D:4      | Learned a level 4 spell: Ice Form
  3601 | D:4      | Reached skill level 1 in Ice Magic
  3664 | D:4      | Killed a phantom
  4163 | D:5      | Entered Level 5 of the Dungeon
  4290 | D:5      | Your scales start fading to a pale cyan-grey colour.
  4290 | D:5      | Reached XP level 7. HP: 19/57 MP: 10/12
  4608 | D:5      | Found a white marble altar of Elyvilon.
  5054 | D:5      | Found a staircase to the Ecumenical Temple.
  5067 | Temple   | Entered the Ecumenical Temple
  5177 | Temple   | Became a worshipper of Ashenzari the Shackled
  5375 | D:5      | Reached skill level 5 in Ice Magic
  6169 | D:5      | Reached skill level 6 in Ice Magic
  6397 | D:5      | Noticed Crazy Yiuf
  6407 | D:5      | Paralysed by Crazy Yiuf for 3 turns
  6417 | D:5      | Killed Crazy Yiuf
  6647 | D:6      | Noticed Ratboiler's ghost (experienced VSAs)
  6664 | D:6      | Killed Ratboiler's ghost
  6664 | D:6      | Reached skill level 5 in Transmutations
  6664 | D:6      | Reached XP level 8. HP: 61/66 MP: 9/13
  6709 | D:6      | Noticed Duvessa
  6710 | D:6      | Noticed Dowan
  6725 | D:6      | Killed Duvessa
  6743 | D:6      | Killed Dowan
  6955 | D:6      | Reached skill level 5 in Unarmed Combat
  7144 | D:6      | Reached skill level 5 in Fighting
  7603 | D:6      | Found an opulent altar of Gozag.
  8053 | D:7      | Reached skill level 7 in Transmutations
  8053 | D:7      | Reached XP level 9. HP: 58/74 MP: 14/14
  8509 | D:7      | Found a bloodstained altar of Trog.
  8695 | D:7      | Noticed Joseph
  8712 | D:7      | HP: 3/74 [Joseph/ sling bullet (3)]
  8716 | D:7      | Killed Joseph
  9515 | D:8      | Noticed Erolcha
  9559 | D:8      | Reached skill level 8 in Transmutations
  9662 | D:8      | HP: 2/90 [killer bee (7)]
  9662 | D:8      | Slain by a killer bee

Action                   |  1- 3 |  4- 6 |  7- 9 || total
-------------------------+-------+-------+-------++-------
Melee: Unarmed           |   196 |   175 |   388 ||   759
 Cast: Beastly Appendage |    12 |    12 |     9 ||    33
       Spider Form       |       |     6 |    18 ||    24
       Ice Form          |       |     3 |     7 ||    10
 Abil: End Transformatio |       |     1 |       ||     1
       Breathe Steam     |       |       |     6 ||     6
Evoke: Wand              |       |     5 |     2 ||     7
  Use: Scroll            |     4 |     2 |    12 ||    18
       Potion            |       |     2 |    11 ||    13
 Stab: Sleeping          |       |       |     4 ||     4
  Eat: Chunk             |     4 |     9 |    19 ||    32
       Bread ration      |       |       |     1 ||     1
